 Dungeon Crawl Stone Soup version 0.29-a0-813-g4a14ea37d6 (webtiles) character file.

Game seed: 17277973792625560674

13 rutherfordthebrave the Shield-Bearer (level 2, 0/29 HPs)
             Began as a Troll Fighter on July 5, 2022.
             Slain by a worm (3 damage)
             ... on level 1 of the Dungeon.
             The game lasted 00:07:45 (728 turns).

rutherfordthebrave the Shield-Bearer (Troll Fighter) Turns: 728, Time: 00:07:45

Health: 0/29       AC:  4    Str: 23    XL:     2   Next: 24%
Magic:  1/1        EV:  8    Int:  4    God:
Gold:   39         SH:  7    Dex:  9    Spells: 1/1 levels left

rFire   . . .      SeeInvis .   a - +0 long sword
rCold   . . .      Faith    .   c - +0 kite shield
rNeg    . . .      Spirit   .   b - +0 robe
rPois   .          Reflect  .   (helmet restricted)
rElec   .          Harm     .   (no cloak)
rCorr   .          Rampage  .   (gloves unavailable)
Will    .....                   (boots unavailable)
Stlth   +.........              (no amulet)
HPRegen 0.89/turn               (no ring)
MPRegen 0.07/turn               (no ring)

@: no status effects
A: large, unfitting armour, claws 3, regeneration 1, shaggy fur 1, tough skin 1
a: no special abilities


You were on level 1 of the Dungeon.
You visited 1 branch of the dungeon, and saw 1 of its levels.

You collected 39 gold pieces.

Inventory:

Hand Weapons
 a - a +0 long sword (weapon)
 g - a +0 short sword
 h - a +0 club
 i - a +0 spear
Missiles
 f - 10 stones (quivered)
Armour
 b - a +0 robe (worn)
 c - a +0 kite shield (worn)
 e - a +0 ring mail
Potions
 d - a potion of might


   Skills:
 + Level 2.5 Fighting
 + Level 1.6 Long Blades
 + Level 2.6 Dodging
 + Level 2.9 Shields


You had one spell level left.
You didn't know any spells.
Your spell library was empty.

Dungeon Overview and Level Annotations

Branches:
Dungeon (1/15)

Altars:

Shops:
D:1 :


Innate Abilities, Weirdness & Mutations

You are too large for most types of armour.
You have claws for hands.
Your natural rate of healing is unusually fast.
You are covered in fur. (AC +1)
You have tough skin. (AC +1)


Message History

You see here a hobgoblin corpse.
The hobgoblin completely misses you. You block the worm's attack.
The hobgoblin hits you but does no damage.
The hobgoblin hits you but does no damage.
The worm bites you.
You slash the worm!
The worm is moderately wounded.
You block the hobgoblin's attack.
You barely miss the worm.
The worm is moderately wounded.
The hobgoblin hits you. You block the worm's attack.
The hobgoblin barely misses you.
You hit the worm.
The worm is moderately wounded.
The hobgoblin hits you. You block the worm's attack.
You hit the worm.
The worm is moderately wounded.
The hobgoblin barely misses you. You block the worm's attack.
The hobgoblin hits you but does no damage.
You hit the worm.
The worm is heavily wounded.
You block the hobgoblin's attack. The worm bites you.
You hit the worm.
The worm is severely wounded.
The hobgoblin hits you. The worm bites you.
* * * LOW HITPOINT WARNING * * *
The hobgoblin barely misses you.
You hit the worm.
The worm is almost dead.
The hobgoblin hits you but does no damage.
The worm bites you!
* * * LOW HITPOINT WARNING * * *
You barely miss the worm.
The worm is almost dead.
You block the hobgoblin's attack.
The hobgoblin hits you but does no damage.
You completely miss the worm.
The worm is almost dead.
The worm bites you.
You die...

######## .... #......# ### #.##
##.####.###########.##########...
.................................
.†....†..........................
##.#.##.##.##.#####.########.##..
...#.##.......#......# #....#
#..#.#####.#..'.g..†.# ######
####.# #.#.##.@w...# # .....#
#.#.##......# # #####......#.
#......# ## .######. #......# #.
.# #. #....### #. .# #. #...(# #.
.# #. #....# #. .# ####.# #. #.
#... #.


You could see a worm and a hobgoblin.

Vanquished Creatures
  5 bats (D:1)
  2 endoplasms (D:1)
  A hobgoblin (D:1)
  A kobold (D:1)
  A ball python (D:1)
  A goblin (D:1)
  A rat (D:1)
12 creatures vanquished.

Notes
Turn   | Place    | Note
-------+----------+-------------------------------------------
     0 | D:1      | rutherfordthebrave the Troll Fighter began the quest for
                  | the Orb.
     0 | D:1      | Reached XP level 1. HP: 22/22 MP: 0/0
   130 | D:1      | Found Oshriosiocw's Book Emporium.
   319 | D:1      | Reached XP level 2. HP: 29/29 MP: 1/1
   726 | D:1      | HP: 1/29 [worm (7)]
   728 | D:1      | Slain by a worm

Illustrated notes

Levels and vault maps discovered:
D:1:      onia_arrival_mini_spirals, layout_basic, serial_shops, shop_statue,
          minmay_statues_item, nicolae_wormholes

Action                   || total
-------------------------++-------
Melee: Long sword        ||    41
Armor: Robe              ||    78
Dodge: Dodged            ||    65
Block: Kite shield       ||    62

Table legend: (Time is in decaauts)
 A = Elapsed time spent in this place.
 B = Non-inter-level travel time spent in this place.
 C = Inter-level travel time spent in this place.
 D = Time resting spent in this place.
 E = Time spent auto-exploring this place.
 F = Levels seen in this place.
 G = Mean time per level.
                   A        B        C        D        E       F      G
               +--------+--------+--------+--------+--------+-----+--------+
         Total |    746 |    744 |      2 |      0 |      0 |   1 |  746.0 |
       Dungeon |    746 |    744 |      2 |      0 |      0 |   1 |  746.0 |
               +--------+--------+--------+--------+--------+-----+--------+

Top non-repeatable levels by time:
     D:1: 746 daAuts
